 Dungeon Crawl Stone Soup version 0.29.0-5-ge4962eb29e (webtiles) character file.

Game seed: 879083955862875863

2152 Zeldest the Grappler (level 9, -23/78 HPs)
             Began as a Ghoul Fighter on Aug 29, 2022.
             Was a Follower of Makhleb.
             Annihilated by an ogre
             ... wielding a +0 giant club
              (30 damage)
             ... on level 6 of the Dungeon.
             The game lasted 00:06:19 (7023 turns).

Zeldest the Grappler (Ghoul Fighter)                Turns: 7023, Time: 00:06:19

Health: -23/78     AC: 12    Str: 27    XL:     9   Next: 31%
Magic:  10/10      EV:  9    Int:  3    God:    Makhleb [*.....]
Gold:   215        SH:  4    Dex:  6    Spells: 8/8 levels left

rFire   + + .      SeeInvis .     - Unarmed
rCold   + . .      Faith    .   b - +0 buckler
rNeg    + + +      Spirit   .   o - +1 scale mail of Inquiry {rElec rF+ Str+3 Dex-2}
rPois   ∞          Reflect  .   s - +2 helmet
rElec   +          Harm     .   k - +0 cloak
rCorr   .          Rampage  .   (no gloves)
Will    .....                   (no boots)
Stlth   ..........              (no amulet)
HPRegen 0.00/turn               j - ring of protection from fire
MPRegen 0.12/turn               (no ring)

@: inhibited regen
A: claws 1, cold resistance 1, negative energy resistance 3, inhibited
regeneration, torment resistance 2, devour on kill
a: Renounce Religion


You were on level 6 of the Dungeon.
You worshipped Makhleb.
Makhleb was aware of your devotion.
You visited 2 branches of the dungeon, and saw 7 of its levels.

You collected 314 gold pieces.
You spent 99 gold pieces at shops.

Inventory:

Missiles
 l - a throwing net (quivered)
Armour
 b - a +0 buckler (worn)
 k - a +0 cloak (worn)
 o - the +1 scale mail of Inquiry (worn) {rElec rF+ Str+3 Dex-2}
   (You found it on level 2 of the Dungeon)

   Str:       It affects your strength (+3).
   Dex:       It affects your dexterity (-2).
   rF:        It protects you from fire.
   rElec:     It insulates you from electricity.
 s - a +2 helmet (worn)
Jewellery
 j - a ring of protection from fire (left claw)
 u - a ring of wizardry
Wands
 p - a wand of flame (10)
Scrolls
 e - 9 scrolls of identify {unknown}
 f - 2 scrolls of teleportation
 h - 3 scrolls of enchant weapon {unknown}
 n - a scroll of magic mapping {unknown}
 q - a scroll of amnesia {unknown}
 x - a scroll of immolation {unknown}
 y - a scroll of fear {unknown}
Potions
 a - a potion of flight {unknown}
 c - 2 potions of might
 d - 7 potions of curing
 g - 2 potions of degeneration {unknown}
 i - a potion of haste {unknown}
 m - a potion of heal wounds {unknown}
 r - a potion of berserk rage {unknown}
 t - 2 potions of lignification {unknown}
 v - a potion of ambrosia {unknown}
 w - a potion of brilliance {unknown}
 z - a potion of attraction {unknown}
 A - a potion of mutation {unknown}


   Skills:
 + Level 6.4 Fighting
 + Level 5.4 Armour
 + Level 5.3 Shields
 * Level 8.3 Unarmed Combat
 + Level 3.7 Invocations


You had 8 spell levels left.
You didn't know any spells.
Your spell library contained the following spells:

 Spells                   Type           Power      Damage    Failure   Level
 Freeze                   Ice            0%         1d3       86%         1
 Magic Dart               Conj           0%         1d3       86%         1
 Summon Small Mammal      Summ           0%         N/A       86%         1
 Call Imp                 Summ           0%         N/A       94%         2
 Ensorcelled Hibernation  Hex/Ice        0%         N/A       94%         2
 Call Canine Familiar     Summ           0%         N/A       99%         3
 Frozen Ramparts          Ice            0%         1d1       99%         3
 Inner Flame              Hex/Fire       0%         N/A       99%         3
 Mephitic Cloud           Conj/Pois/Air  0%         N/A       99%         3
 Ozocubu's Armour         Ice            0%         N/A       99%         3
 Portal Projectile        Hex/Tloc       0%         N/A       99%         3
 Summon Guardian Golem    Hex/Summ       0%         N/A       99%         3
 Tukima's Dance           Hex            0%         N/A       99%         3
 Anguish                  Hex/Necr       0%         N/A       100%        4
 Cause Fear               Hex            0%         N/A       100%        4
 Hailstorm                Conj/Ice       0%         3d3       100%        4
 Summon Ice Beast         Ice/Summ       0%         N/A       100%        4
 Metabolic Englaciation   Hex/Ice        0%         N/A       100%        5
 Simulacrum               Ice/Necr       0%         N/A       100%        6
 Discord                  Hex            0%         N/A       100%        8
 Dragon's Call            Summ           0%         N/A       100%        9
 Spider Form              Tmut/Pois      Unusable   N/A       N/A         3
 Blade Hands              Tmut           Unusable   N/A       N/A         5

Dungeon Overview and Level Annotations

Branches:
Dungeon (6/15)             Temple (1/1) D:4

Altars:
Cheibriados
Kikubaaqudgha
Makhleb
Nemelex Xobeh
Ru
Sif Muna
Trog
Vehumet
Wu Jian
Xom
Yredelemnul

Shops:
D:2 (:?(


Innate Abilities, Weirdness & Mutations

You are immune to poison.
You have sharp fingernails.
Your flesh is cold resistant. (rC+)
You are immune to negative energy. (rN+++)
You do not regenerate when monsters are visible.
You are immune to unholy pain and torment.
You thrive by killing the living.


Message History

The gnoll hits you from afar with a +0 spear.
You scratch the ogre.
The ogre is moderately wounded.
The ogre hits you but does no damage. You block the gnoll's attack.
You scratch the ogre.
The ogre is moderately wounded.
The ogre hits you with a +0 giant club!!
The gnoll hits you but does no damage.
You scratch the ogre.
The ogre is heavily wounded.
The gnoll barely misses you.
You barely miss the ogre.
The ogre is heavily wounded.
The ogre hits you with a +0 giant club!!
* * * LOW HITPOINT WARNING * * *
The gnoll hits you from afar with a +0 spear.
* * * LOW HITPOINT WARNING * * *
You scratch the ogre but do no damage.
The ogre is heavily wounded.
You closely miss the ogre.
The ogre is heavily wounded.
The ogre closely misses you. You block the gnoll's attack.
Okay, then.
Okay, then.
You barely miss the ogre.
The ogre is heavily wounded.
The gnoll hits you but does no damage. You block the ogre's attack.
You scratch the ogre.
The ogre is heavily wounded.
The gnoll barely misses you.
You claw the ogre!
The ogre is almost dead.
You block the ogre's attack. The gnoll hits you but does no damage.
You scratch the ogre.
The ogre is almost dead.
The gnoll hits you but does no damage.
You barely miss the ogre.
The ogre is almost dead.
The ogre hits you with a +0 giant club!!
You die...

P.P......P.P...).......
P♣P.P.P..P♣P♣P.....P.P.
♣♣.♣P♣P..PP♣PP.....P♣P.
###♣♣♣..P♣♣♣♣....♣PPP♣
##### ##'''#PPPP h
h..g.. #.†.# ♣♣♣ g.
...... #.>.# ... $.
#...# .$.# #.@.# ...#
#######O# og...g.g+
..?..O..+ #########


You could see an ogre and a gnoll.

Vanquished Creatures
  An orc warrior (D:6)
  2 ogres
  A centaur (D:6)
  3 phantoms (D:6)
  A bullfrog (D:6)
  2 necrophages
  A scorpion (D:6)
  A water moccasin zombie (D:6)
  3 wights (D:6)
  4 bullfrog zombies (D:6)
  4 bullfrog skeletons (D:6)
  A jelly (D:5)
  3 hounds (D:6)
  5 orc priests
  A gnoll bouda (D:6)
  2 iguanas (D:6)
  Natasha (thrice) (D:3)
  4 orc wizards
  2 howler monkey skeletons (D:6)
  A howler monkey zombie (D:6)
  Robin (D:4)
  14 gnolls
  5 adders
  A shadow imp (D:5)
  A white imp (D:6)
  2 worms (D:4)
  3 dart slugs
  19 orcs
  3 endoplasms
  4 giant cockroaches
  18 goblins
  10 hobgoblins
  7 kobolds
  4 quokkas
  9 ball pythons
  7 bats
  2 frilled lizards (D:2)
  7 rats
162 creatures vanquished.

Notes
Turn   | Place    | Note
-------+----------+-------------------------------------------
     0 | D:1      | Zeldest the Ghoul Fighter began the quest for the Orb.
     0 | D:1      | Reached XP level 1. HP: 19/19 MP: 0/0
   203 | D:1      | Reached XP level 2. HP: 26/26 MP: 1/1
   497 | D:1      | Reached XP level 3. HP: 27/31 MP: 2/2
   534 | D:1      | Reached skill level 3 in Unarmed Combat
  1188 | D:2      | Found Kownudd's Book Emporium.
  1205 | D:2      | Reached XP level 4. HP: 18/40 MP: 3/3
  1672 | D:2      | Found Araol's Weapon Shop.
  1698 | D:2      | Found Zunupp's Magic Scroll Shop.
  1708 | D:2      | Bought a scroll of teleportation for 33 gold pieces
  1708 | D:2      | Bought a scroll of teleportation for 33 gold pieces
  1708 | D:2      | Bought a scroll of teleportation for 33 gold pieces
  1713 | D:2      | Identified the +1 scale mail of Inquiry {rElec rF+ Str+3
                  | Dex-2}
  1984 | D:2      | Found Haziu's Weapon Shoppe.
  2139 | D:3      | Noticed Natasha
  2147 | D:3      | Killed Natasha
  2148 | D:3      | Reached XP level 5. HP: 37/46 MP: 4/4
  2264 | D:3      | Noticed Natasha
  2276 | D:3      | Killed Natasha
  2277 | D:3      | Reached skill level 4 in Unarmed Combat
  2303 | D:3      | Noticed Natasha
  2312 | D:3      | Killed Natasha
  2590 | D:3      | Noticed Robin
  2767 | D:4      | Killed Robin
  2768 | D:4      | Reached XP level 6. HP: 53/53 MP: 5/5
  3355 | D:3      | Found a faded altar of an unknown god.
  3530 | D:4      | Reached skill level 5 in Unarmed Combat
  3746 | D:4      | Reached XP level 7. HP: 41/60 MP: 6/6
  3916 | D:4      | Reached skill level 5 in Fighting
  4256 | D:4      | Found a staircase to the Ecumenical Temple.
  4357 | Temple   | Entered the Ecumenical Temple
  4412 | Temple   | Became a worshipper of Makhleb the Destroyer
  4929 | D:5      | Entered Level 5 of the Dungeon
  4963 | D:5      | Reached skill level 6 in Unarmed Combat
  5071 | D:5      | Found a bloodstained altar of Trog.
  5164 | D:5      | Got the Exposition on the Allied Chill
  5230 | D:5      | Reached skill level 1 in Invocations
  5335 | D:5      | Reached XP level 8. HP: 66/68 MP: 6/8
  5540 | D:5      | Found a shimmering blue altar of Sif Muna.
  5899 | D:6      | Reached * piety under Makhleb
  5973 | D:6      | Reached skill level 7 in Unarmed Combat
  6268 | D:6      | Reached skill level 5 in Armour
  6364 | D:6      | Found a snail-covered altar of Cheibriados.
  6473 | D:6      | Reached skill level 5 in Shields
  6491 | D:6      | Reached XP level 9. HP: 58/75 MP: 10/10
  6765 | D:6      | Reached skill level 8 in Unarmed Combat
  7023 | D:6      | Annihilated by an ogre

Illustrated notes

Levels and vault maps discovered:
D:1:      dpeg_arrival_rooms_a, layout_basic, minmay_tetromino_i4
D:2:      layout_rooms, serial_shops, nicolae_shop_crystal,
          nicolae_shop_statue_plus, nicolae_shop_advertising_works
          [nicolae_subvault_shop_adworks], shop, kennysheep_cross_room,
          serial_bayou_pond_c, nicolae_figureground_pulse
D:3:      layout_rooms, hellmonk_ecumenical_altar_leap_of_faith, uniq_robin,
          uniq_natasha
D:4:      layout_basic, temple_doors_e
D:5:      layout_loops_ring, zin_academy, general_overflow_altar, trog_book
D:6:      kennysheep_housing_project, layout_basic,
          nicolae_overflow_hidden_temple, serial_undead, serial_undead_d,
          serial_undead_d, serial_undead_a, serial_undead_f, serial_undead_a,
          serial_undead_f
Temple:   dshaligram_water_room_temple

Skill      XL: |  1  2  3  4  5  6  7  8  9 |
---------------+----------------------------+-----
Unarmed Combat | 3 4 5 6 7 8 |  8.3
Armour         | 3 4 5 |  5.4
Shields        | 3 4 5 |  5.3
Fighting       | 4 5 6 |  6.4
Invocations    | 1 3 |  3.7

Action                   |  1- 3 |  4- 6 |  7- 9 || total
-------------------------+-------+-------+-------++-------
Melee: Unarmed           |   100 |   214 |   310 ||   624
Evoke: Wand              |       |       |     7 ||     7
  Use: Scroll            |       |     1 |     1 ||     2
Armor: Scale mail        |    43 |    85 |   172 ||   300
Dodge: Dodged            |    45 |    83 |   119 ||   247
Block: Buckler           |    18 |    27 |    52 ||    97
